 Dungeon Crawl Stone Soup version 0.28-a0-1182-g381e24db82 (webtiles) character file.

Game seed: 6763115218392997725

5 lonewolfV2 the Insei (level 1, -2/17 HPs)
             Began as a Djinni Transmuter on Dec 16, 2021.
             Slain by an endoplasm (3 damage)
             ... on level 1 of the Dungeon.
             The game lasted 00:00:38 (526 turns).

lonewolfV2 the Insei (Djinni Transmuter)             Turns: 526, Time: 00:00:38

Health: -2/17      AC:  2    Str:  9    XL:     1   Next: 88%
Gold:   3          EV: 12    Int: 14    God:
                   SH:  0    Dex: 13

rFire   + + .      SeeInvis .     - Unarmed
rCold   x . .      Faith    .   (no shield)
rNeg    . . .      Spirit   .   a - +0 robe
rPois   ∞          Reflect  .   (helmet currently unavailable)
rElec   .          Harm     .   (no cloak)
rCorr   .          Rampage  .   (no gloves)
Will    .....                   (boots unavailable)
Stlth   +.........              (no amulet)
HPRegen 0.05/turn               (no ring)
MPRegen 0.00/turn               (no ring)

@: appendages, flying
A: horns 2, flying, sickness immunity, fire resistance 2, cold vulnerability 1,
float, innate caster, hp casting, extra vitality 1
a: End Transformation


You were on level 1 of the Dungeon.
You had temporarily grown beastly horns.
You visited 1 branch of the dungeon, and saw 1 of its levels.

You collected 3 gold pieces.

Inventory:

Armour
 a - a +0 robe (worn)


   Skills:
 + Level 1.2 Fighting
 + Level 2.2 Dodging
 + Level 3.2 Unarmed Combat
 + Level 1.6 Spellcasting


You couldn't memorise any spells.
You knew the following spells:

 Your Spells              Type           Power      Damage    Failure   Level
a - Beastly Appendage     Tmut           10%        N/A       13%         1
b - Wereblood             Tmut           5%         N/A       19%         2
c - Spider Form           Tmut/Pois      5%         N/A       36%         3
d - Ice Form              Ice/Tmut       5%         N/A       77%         4
Your spell library was empty.

Dungeon Overview and Level Annotations

Branches:
Dungeon (1/15)

Altars:


Innate Abilities, Weirdness & Mutations

You have temporarily grown beastly horns.
You are flying.
You are immune to sickness and miasma.
You are immune to poison.
Your flesh is very heat resistant. (rF++)
You are vulnerable to cold. (rC-)
You float through the air rather than walking.
You learn spells naturally, not from books.
Your magical power is your life essence.
You have superior vitality. (+4 HP)


Message History

You start resting.
You start resting.
HP restored.
You start waiting.
Done waiting.
You see here a +0 club.
You now have 3 gold pieces.
A kobold comes into view. It is wielding a +0 dagger.
Casting: Beastly Appendage (safe; 13% risk of failure)
Confirm with . or Enter, or press ? or * to list all spells.
You miscast Beastly Appendage.
You are very lightly contaminated with residual magic.
Nothing appears to happen.
The kobold throws a stone.
The stone barely misses you.
The kobold throws a stone.
The stone misses you.
An endoplasm comes into view.
The kobold hits you with a +0 dagger.
You hit the kobold.
You kill the kobold!
The endoplasm quivers.
Things that are here:
a +0 dagger; 3 stones Your magical contamination has completely faded away.
The endoplasm barely misses you.
You hit the endoplasm but do no damage. The endoplasm freezes you.
You are frozen!
You feel a terrible chill!
You hit the endoplasm but do no damage. The endoplasm freezes you.
You are frozen.
You feel a terrible chill!
* * * LOW HITPOINT WARNING * * *
You hit the endoplasm.
The endoplasm is almost dead.
The endoplasm closely misses you.
Casting: Beastly Appendage (safe; 13% risk of failure)
Confirm with . or Enter, or press ? or * to list all spells.
You grow a pair of large bovine horns.
* * * LOW HITPOINT WARNING * * *
The endoplasm hits you.
You die...

###....#.#...
#+...).##.#.###.#
#..##).#......#.#
##.##...#.###.#.#
#.......#.###.#.#
#+###'.....##.#.###
##...##.#..##.#...#
#.....#.#.....J.#
#..<..#.#.###.@##.##
#.....#.#.# #).....#
##...##.# ##.#####
##### #.# #.# ..#
###


You could see an endoplasm.

Vanquished Creatures
  2 goblins (D:1)
  A kobold (D:1)
  A ball python (D:1)
  A bat (D:1)
5 creatures vanquished.

Notes
Turn   | Place    | Note
-------+----------+-------------------------------------------
     0 | D:1      | lonewolfV2 the Djinni Transmuter began the quest for the
                  | Orb.
     0 | D:1      | Reached XP level 1. HP: 17/17 MP: 0/0
   526 | D:1      | Slain by an endoplasm

Illustrated notes

Levels and vault maps discovered:
D:1:      noname_arrival_rooms_in_the_neighbourhood, layout_basic,
          minmay_pentomino_o4

Action                   || total
-------------------------++-------
Melee: Unarmed           ||    17
 Cast: Beastly Appendage ||    11
Armor: Robe              ||     9
Dodge: Dodged            ||    15

Table legend: (Time is in decaauts)
 A = Elapsed time spent in this place.
 B = Non-inter-level travel time spent in this place.
 C = Inter-level travel time spent in this place.
 D = Time resting spent in this place.
 E = Time spent auto-exploring this place.
 F = Levels seen in this place.
 G = Mean time per level.
                   A        B        C        D        E       F      G
               +--------+--------+--------+--------+--------+-----+--------+
         Total |    524 |    524 |      0 |    410 |     50 |   1 |  524.0 |
       Dungeon |    524 |    524 |      0 |    410 |     50 |   1 |  524.0 |
               +--------+--------+--------+--------+--------+-----+--------+

Top non-repeatable levels by time:
     D:1: 524 daAuts
